[Event "Early-Titled-Tuesday-Blitz-December-26-2023"]
[Site "Chess.com"]
[Date "2023.12.26"]
[Round "6"]
[White "rquery98"]
[Black "Kacparov"]
[Result "1/2-1/2"]
[WhiteElo "2767"]
[BlackElo "2957"]
[TimeControl "180+1"]
[EndTime "9:08:09 PST"]
[Termination "Game drawn by repetition"]

1. Nf3 d5 2. g3 c6 3. Bg2 Bg4 4. O-O Nd7 5. d4 Ngf6 6. Nbd2 e6 7. Re1 Be7 8. e4 dxe4 9. Nxe4 O-O 10. c3 Nxe4 11.
Rxe4 Nf6 12. Re1 Qb6 13. Qb3 Bxf3 14. Bxf3 Rfd8 15. Bf4 Nd5 16. Bd2 h6 17. Rad1 Qxb3 18. axb3 a5 19. Ra1 Rdc8 20. Ra2 Kf8 21. Rea1 b6 22. b4 Rab8 23. bxa5 bxa5 24. Bc1 Bd8 25. Kf1 Ke8 26. Ke2 Kd7 27. Kd3 Bc7 28. Bd2 Rb7 29. Bd1 Rcb8 30. Bc1 g5 31. Ra4 f5 32. Rc4 f4 33.
Ke2 Rf8 34. Ba4 Ne7 35. Bc2 Bb6 36. b3 Rf6 37. Ba3 Nd5 38. Bc5 Bd8 39. Be4 h5 40.
Bc2 g4 41. Ba3 fxg3 42. hxg3 Rf3 43. Bb2 Bc7 44. Ra3 Rb8 45. Be4 Rf7 46. Bc1 Rbf8 47. Be3 Rb8 48. Bd2 Rff8 49. Be1 Rf6 50. Bg2 Rb5 51.
Be4 Bd6 52. Ra1 Rxb3 53. Rxa5 Rb2+ 54. Kd3 Rb7 55. Ra6 Rc7 56. Rca4 Rf8 57. Ra7 Rb8 58. Rxc7+ Bxc7 59. Bxd5 exd5 60. Ra2 Re8 61. Bd2 Rf8 62. Be3 Rb8 63. Ra1 Bd6 64. Rh1 Rh8 65. c4 Ke6 66. cxd5+ cxd5 67. Rb1 Bc7 68. Rb5 Ra8 69. Rc5 Ra3+ 70.
Ke2 Ra2+ 71. Kd3 Ra3+ 72. Ke2 Bd6 73. Rc8 Ra2+ 74. Kd3 Ra1 75. Rh8 Rh1 76. Rh6+ Kd7 77. Rg6 Be7 78. Rh6 Rh3 79. Ke2 h4 80. gxh4 Rxh4 81.
Rg6 Bd6 82. Kf1 Rh1+ 83. Kg2 Rh2+ 84. Kf1 Rh1+ 85. Kg2 Rh2+ 86. Kg1 Rh4 87. Kg2 Rh2+ 1/2-1/2

[Event "Early-Titled-Tuesday-Blitz-December-26-2023"]
[Site "Chess.com"]
[Date "2023.12.26"]
[Round "6"]
[White "Yeritsyaan"]
[Black "ural58"]
[Result "0-1"]
[WhiteElo "2620"]
[BlackElo "2497"]
[TimeControl "180+1"]
[EndTime "9:08:18 PST"]
[Termination "ural58 won by resignation"]

1. Nf3 Nc6 2. c4 e5 3. Nc3 Bb4 4. e4 d6 5. d3 Bxc3+ 6. bxc3 b6 7. Be2 Nge7 8. O-O h6 9. d4 O-O 10. Be3 Ng6 11. c5 bxc5 12. dxc5 Nf4 13. Bb5 Ne7 14. Qd2 c6 15. cxd6 cxb5 16. dxe7 Qxe7 17. Bxf4 exf4 18. Qxf4 Be6 19. Rfe1 Rfc8 20. Qe3 Qc5 21. Nd4 Bc4 22. Qg3 g6 23. e5 Re8 24. e6 Kh7 25. exf7 Bxf7 26.
h4 Rxe1+ 27. Rxe1 Bxa2 28. Re5 Qd6 29. Qe3 Rf8 30. h5 gxh5 31. Nf5 Qg6 32. Ne7 Qb1+ 33. Kh2 Bc4 34. Rxh5 Rf6 35. Qxa7 Bf7 36. Nd5 Rf5 37.
Rxf5 Qxf5 38. Qd4 Bxd5 39. Qa7+ Bf7 40. f3 Qe5+ 41. Kh1 Kg7 42. Qa5 Qc5 43. Qa1 Bc4 44. Qe1 Qd6 45. Qe3 Qf6 46. Qa7+ Kg6 47. Qe3 Qh4+ 48. Kg1 Qg5 49. Qb6+ Qf6 50. Qe3 h5 51.
Qe4+ Kh6 52. Qe3+ Qg5 53. Qb6+ Qg6 54. Qe3+ Kh7 55. Qe7+ Kg8 56. Qd8+ Kg7 57. Qe7+ Qf7 58. Qe5+ Kh7 59. Qe4+ Kh6 60. Qe3+ Kg7 61. Qe5+ Kf8 62.
Qh8+ Ke7 63. Qe5+ Kd7 64. Qd4+ Kc6 65. Qe4+ Qd5 66. Qg6+ Kb7 67. Qg7+ Ka6 68. Qf6+ Ka5 69. Qh8 Ka4 70. Qf6 Kb3 71. g4 hxg4 72. fxg4 Qd1+ 73.
Kf2 Qxg4 74. Ke3 Qg3+ 75. Kd2 Qd3+ 76. Kc1 Qxc3+ 77. Qxc3+ Kxc3 0-1

[Event "Early-Titled-Tuesday-Blitz-December-26-2023"]
[Site "Chess.com"]
[Date "2023.12.26"]
[Round "6"]
[White "Iskusnyh"]
[Black "Magila31"]
[Result "1/2-1/2"]
[WhiteElo "2620"]
[BlackElo "2372"]
[TimeControl "180+1"]
[EndTime "9:08:32 PST"]
[Termination "Game drawn - insufficient material"]

1. d4 Nf6 2. c4 g6 3. g3 Bg7 4. Bg2 O-O 5. Nc3 d6 6. Nf3 c5 7.
dxc5 dxc5 8. Be3 Qa5 9. Ne5 Nbd7 10. Nd3 Ng4 11. Bd2 Qd8 12. O-O Nde5 13. Nxe5 Nxe5 14. b3 Rb8 15. Bf4 b6 16. Qc2 Bb7 17. Rad1 Qc8 18. Nd5 Re8 19. Qe4 e6 20. Qc2 exd5 21. cxd5 Qd7 22. e4 Ba6 23. Rfe1 c4 24. bxc4 Nxc4 25. Bxb8 Rxb8 26. a4 Rc8 27. Qa2 Ne5 28. h3 Qd6 29. Kh2 Rc3 30. Rc1 Qc5 31. Rxc3 Qxc3 32. Re3 Qc5 33.
Re1 Nd3 34. Re2 Nb4 35. Qd2 Bxe2 36. Qxe2 Qd6 37. f4 f6 38. Qc4 Bf8 39. Qc8 Qc5 40. Qe6+ Kg7 41. e5 Qe7 42. exf6+ Qxf6 43. Qc8 Be7 44. Qe8 Qd6 45. h4 Nxd5 46. Bxd5 a6 47. Qf7+ Kh6 48. h5 Qf6 49. hxg6 Qxf7 50. gxf7 Kg7 51.
Kg2 b5 52. axb5 axb5 53. Kf3 b4 54. g4 Bd6 55. Bb3 h6 56. Ke4 Be7 57. Ke5 Bf8 58.
Ke6 Bc5 59. f5 Bd4 60. f6+ Bxf6 61. Bc2 Bc3 62. Bb3 Kf8 63. Kf5 Kg7 64. Kf4 Bd4 65. Ke4 Bc5 66. Kf5 Bf8 67. Ke6 Bc5 68. Kf5 Bf8 69. g5 Bc5 70. gxh6+ Kxh6 71. Kf6 Bd6 72. Bc2 Bc5 73. Ke6 b3 74. Bxb3 Bb4 75.
f8=Q+ Bxf8 1/2-1/2

[Event "Early-Titled-Tuesday-Blitz-December-26-2023"]
[Site "Chess.com"]
[Date "2023.12.26"]
[Round "6"]
[White "tylityli"]
[Black "Kotlyar_K"]
[Result "1-0"]
[WhiteElo "2255"]
[BlackElo "2470"]
[TimeControl "180+1"]
[EndTime "9:08:33 PST"]
[Termination "tylityli won by resignation"]

1. d4 Nf6 2. c4 g6 3. Nc3 d5 4. cxd5 Nxd5 5. Bd2 Bg7 6. e4 Nxc3 7. Bxc3 O-O 8. Qd2 Nd7 9. Nf3 b6 10. Bd3 Bb7 11. O-O Rc8 12. Rad1 Qe8 13. Rfe1 c5 14. d5 e5 15. Bb5 Rd8 16. a4 a6 17. Bc4 h6 18. Qc2 Kh7 19. Qe2 Nb8 20. Qc2 Rd6 21.
h3 Qe7 22. g4 Bc8 23. b4 Nd7 24. Kg2 Qd8 25. Bd3 Qc7 26. Qe2 cxb4 27. Bxb4 Nc5 28. Rc1 Rfd8 29. Qe3 Qd7 30. Bxc5 bxc5 31. Qxc5 Qxa4 32.
Ra1 Qb3 33. Ra3 Qb6 34. Rc1 Qxc5 35. Rxc5 Kg8 36. Rca5 Rb6 37. Bxa6 Bxa6 38. Rxa6 Rb4 39. R3a4 Rb1 40. Ra8 Rxa8 41. Rxa8+ Kh7 42. Re8 f6 43. d6 Rd1 44. Rd8 g5 45. Rd7 Kg6 46. h4 Kh7 47.
h5 Kg8 48. Nh2 Bf8 49. Nf1 Rxd6 50. Rxd6 Bxd6 51. Ne3 Kf7 52. Nf5 Bf8 53. Kf3 Ke6 54. Ke3 Kd7 55. Kd3 Kc6 56. Kc4 Kc7 57. Kd5 Kd7 58.
f3 Ke8 59. Ke6 Kd8 60. Kxf6 Ke8 61. Kxe5 Kf7 62. Nd6+ Kg7 63. Nf5+ Kf7 64. Kd5 Kf6 65. e5+ Kf7 66. Ke4 Ke6 67. Nd4+ Kf7 68. Kf5 Bc5 69. e6+ Ke8 70. Nc6 Be3 71. Kg6 Bc5 72. Kxh6 Be7 73. Kg6 Bd6 74. Kxg5 Bg3 75. Kg6 Be1 76.
h6 Bc3 77. h7 Bb2 78. f4 Bc3 79. f5 Bd4 80. Nxd4 1-0

[Event "Early-Titled-Tuesday-Blitz-December-26-2023"]
[Site "Chess.com"]
[Date "2023.12.26"]
[Round "6"]
[White "Nitzan_Steinberg"]
[Black "biostatistician"]
[Result "1/2-1/2"]
[WhiteElo "2865"]
[BlackElo "2617"]
[TimeControl "180+1"]
[EndTime "9:08:46 PST"]
[Termination "Game drawn - insufficient material"]

1. e4 e5 2. Nf3 Nc6 3. Bb5 Nf6 4.
O-O Nxe4 5. Re1 Nd6 6. a4 Be7 7.
Nc3 O-O 8. d4 e4 9. Nxe4 Nxe4 10. Rxe4 a6 11. Bd3 d5 12. Re3 Bg4 13. c3 Re8 14. h3 Bh5 15. Qc2 Bg6 16. Ne5 Nxe5 17. dxe5 Qd7 18. Re2 c5 19. Bf4 Rad8 20. Rd1 Qe6 21. Bg3 b5 22. f4 Bxd3 23. Qxd3 d4 24. f5 Qb3 25. cxd4 Qxd3 26. Rxd3 Rxd4 27. Rxd4 cxd4 28.
axb5 axb5 29. Rd2 Bc5 30. Kf1 Kf8 31. Rc2 Ba7 32. Rc7 Bb8 33. Rc5 d3 34. Rd5 f6 35.
Rxd3 Bxe5 36. Bf2 Bxb2 37. Rb3 Be5 38. Rxb5 Kf7 39. Bc5 Rc8 40. Ke2 g6 41. g4 Rc7 42.
Kf3 Rd7 43. Ke4 Rc7 44. h4 Rd7 45. Be3 Re7 46. Kf3 Rd7 47. h5 Rc7 48. Ra5 Rc3 49. Ra7+ Kg8 50. Ke2 Rc4 51. Kf3 Rc3 52. Rd7 Rc7 53.
Rd8+ Kf7 54. h6 gxf5 55. gxf5 Ke7 56. Rg8 Kd6 57. Rg7 Rd7 58. Bc5+ Kc6 59. Ke4 Rd1 60. Be3 Rd7 61. Bf2 Rc7 62. Bh4 Rd7 63. Bf2 Rc7 64.
Be3 Rd7 65. Rg8 Rb7 66. Rc8+ Kd7 67. Rh8 Kc6 68. Rg8 Rb4+ 69. Kf3 Rb7 70. Bf2 Kd5 71.
Rd8+ Kc6 72. Bh4 Rd7 73. Rf8 Rd3+ 74. Ke2 Rd4 75. Bxf6 Bxf6 76. Rxf6+ Kd5 77. Rf7 Ke5 78. Kf3 Rf4+ 79. Kg3 Rxf5 80. Rxh7 Kf6 81. Rh8 Kg6 82. Kg4 Rg5+ 83. Kf4 Rf5+ 84. Ke4 Rh5 85. h7 Rxh7 86. Rxh7 Kxh7 1/2-1/2

[Event "Early-Titled-Tuesday-Blitz-December-26-2023"]
[Site "Chess.com"]
[Date "2023.12.26"]
[Round "6"]
[White "BardArtem"]
[Black "TitarovVasiliYouTube"]
[Result "0-1"]
[WhiteElo "2689"]
[BlackElo "2557"]
[TimeControl "180+1"]
[EndTime "9:09:30 PST"]
[Termination "TitarovVasiliYouTube won by resignation"]

1. e4 c5 2. Nf3 Nf6 3. Nc3 d5 4. exd5 Nxd5 5. Bb5+ Bd7 6. Ne5 Nf6 7. Nxd7 Nbxd7 8.
d4 e6 9. O-O a6 10. Be2 Bd6 11. Bf3 Qc7 12. g3 O-O 13. d5 e5 14. a4 Rfe8 15. Re1 c4 16. Bg5 h6 17. Bxf6 Nxf6 18. Qe2 Bb4 19. Red1 Bxc3 20. bxc3 e4 21. Bg2 Rad8 22.
Rd4 Rxd5 23. Rxc4 Rc5 24. Bf1 Rc8 25. Rxc5 Qxc5 26. Rb1 Rc7 27. Qd2 Rd7 28. Qe3 Qe5 29. h3 Nd5 30. Qd4 Qxd4 31. cxd4 Nc3 32. Rb3 Nxa4 33.
c3 b5 34. Bg2 Rc7 35. Bxe4 Rxc3 36. Rb1 Rc4 37. Bb7 Rxd4 38. Bxa6 b4 39. Kg2 Nc5 40. Be2 Rd2 41. Kf1 b3 42. Ke1 Rc2 43. Kd1 Kf8 44.
h4 Ra2 45. Rc1 Ne4 46. Rc8+ Ke7 47. f3 Nxg3 48. Bd3 Ra1+ 49. Kd2 b2 50. Rb8 g6 51. Rxb2 Rh1 52. Ke3 Rxh4 53. Rb7+ Kf6 54. Rb6+ Kg7 55. Kf2 Nh5 56. Rb1 Rd4 57. Bf1 Rd6 58. Ke3 Nf6 59. Be2 Nd5+ 60. Kf2 Nf6 61. Bf1 h5 62. Ra1 Rd4 63. Ra5 Nd5 64. Ra8 Nf6 65. Ra5 Rb4 66. Ra8 h4 67. Kg2 Nh5 68. Kh3 Rf4 69. Bg2 g5 70.
Ra5 Kg6 71. Kh2 Rf5 72. Ra6+ Rf6 73. Ra8 Nf4 74. Bf1 Rd6 75. Kg1 Rd2 76. Rb8 h3 77.
Rb1 h2+ 78. Kh1 Nh5 79. Bd3+ Rxd3 80. Rb6+ f6 81. Rb3 Rd1+ 82. Kxh2 Nf4 83. Ra3 Rd5 84.
Kg3 Rd3 85. Ra8 Rd1 86. Kf2 Rd2+ 87. Kf1 Rd5 88. Kf2 Re5 89. Rg8+ Kf5 90. Ra8 Re6 91. Ra5+ Re5 92. Ra8 Re2+ 93. Kf1 Rb2 94. Ra5+ Kg6 95.
Ra8 Nh5 96. Kg1 Kf5 97. Ra4 Ng3 98. Rf4+ Kg6 99. Rxf6+ Kxf6 0-1

[Event "Early-Titled-Tuesday-Blitz-December-26-2023"]
[Site "Chess.com"]
[Date "2023.12.26"]
[Round "6"]
[White "Devil_Sun"]
[Black "seopie"]
[Result "1-0"]
[WhiteElo "2609"]
[BlackElo "2798"]
[TimeControl "180+1"]
[EndTime "9:09:53 PST"]
[Termination "Devil_Sun won on time"]

1. d4 d6 2. c4 Nf6 3. Nc3 Bf5 4. Nf3 g6 5. Nh4 Bd7 6. e4 Bg7 7. Nf3 O-O 8. Be2 Bg4 9. Be3 Nc6 10. d5 Bxf3 11.
Bxf3 Ne5 12. Be2 c6 13. O-O Qa5 14. a3 Rfc8 15. b4 Qd8 16. Rc1 a5 17. f4 Ned7 18.
Qb3 axb4 19. axb4 Ne8 20. Bf3 Nc7 21. Na4 e6 22. dxe6 Nxe6 23. Rfd1 Qc7 24. f5 Nef8 25. Bf4 Ne5 26. c5 dxc5 27. Nxc5 b6 28. Nd3 Nxf3+ 29. gxf3 Qa7 30. fxg6 hxg6 31. Ne5 c5 32. Rd7 Qxd7 33. Nxd7 Nxd7 34. bxc5 bxc5 35. Be3 Rab8 36. Qd5 Nb6 37. Qd6 Na4 38. Rc4 Rb3 39. Rxa4 Rxe3 40. Rc4 Bf8 41. Qd7 Ra8 42. Kf2 Raa3 43. Qg4 Reb3 44. h4 Rb2+ 45. Kg3 Raa2 46. Kf4 Rg2 47. Qd7 Rh2 48. Rc3 Rxh4+ 49. Ke3 Bh6+ 50. f4 Rxf4 51. Rb3 Ra8 52. Rb7 Rf6+ 53. Kd3 Bf4 54. Qe7 Bg5 55. Qxc5 Rd8+ 56. Kc4 Bh6 57. Qe7 Rc8+ 58. Kb5 Bg7 59. Rc7 Rb8+ 60. Rb7 Rf8 61. Qd7 Rf1 62. e5 Bxe5 63. Qd3 Rf5 64. Rd7 Bg7+ 65. Kc4 Rf6 66. Rd8 Rxd8 67. Qxd8+ Kh7 68. Kd5 Rf5+ 69. Ke4 Bf6 70.
Qe8 Kg7 71. Qc6 Re5+ 72. Kf4 Re6 73. Qc4 Be5+ 74. Kf3 Rf6+ 75. Ke3 Rf4 76. Qd5 Rf5 77. Qc6 Bf6 78. Ke4 Re5+ 79. Kf4 Re6 80. Qc4 Be5+ 81.
Kf3 Rf6+ 82. Ke3 Bd6 83. Qd5 Re6+ 84. Kf3 Kf8 85. Qa8+ Ke7 86. Qb7+ Kf6 87. Qb2+ Be5 88. Qb5 Kg7 89. Qd5 Re7 90. Qc5 Bf6 91. Qd5 Ra7 92. Qc4 Ra3+ 93. Kg4 Be5 94. Qd5 f5+ 95.
Kg5 Rg3+ 96. Kh4 Rg4+ 97. Kh3 Re4 98. Qb7+ Kh6 99. Qb1 Re3+ 100. Kg2 Kg5 101. Qc1 Bf4 102. Qc8 Re2+ 103. Kf3 Re3+ 104. Kf2 1-0

[Event "Early-Titled-Tuesday-Blitz-December-26-2023"]
[Site "Chess.com"]
[Date "2023.12.26"]
[Round "7"]
[White "BilodeauA"]
[Black "Virgo15"]
[Result "1-0"]
[WhiteElo "2892"]
[BlackElo "2763"]
[TimeControl "180+1"]
[EndTime "9:11:07 PST"]
[Termination "BilodeauA won by resignation"]

1. e4 c5 2. Nf3 d6 3. d4 cxd4 4.
Nxd4 Nf6 5. Nc3 g6 6. Be2 Bg7 7. Be3 O-O 8. O-O Nc6 9. Nb3 Be6 10. Kh1 Qc8 11. f3 Rd8 12. Nd5 Ne5 13. Nxe7+ 1-0

[Event "Early-Titled-Tuesday-Blitz-December-26-2023"]
[Site "Chess.com"]
[Date "2023.12.26"]
[Round "7"]
[White "Kiborg95"]
[Black "Flameboard08"]
[Result "1-0"]
[WhiteElo "2807"]
[BlackElo "2564"]
[TimeControl "180+1"]
[EndTime "9:11:26 PST"]
[Termination "Kiborg95 won by resignation"]

1. e4 b6 2. d3 Bb7 3. g3 e6 4. Bg2 d5 5. Nd2 c5 6. Nh3 Nf6 7. e5 Nfd7 8. f4 Be7 9. O-O O-O 10. Nf3 f5 11. exf6 Bxf6 12. c3 Nc6 13. Nfg5 Re8 14. Qh5 Nf8 15. Qf7+ Kh8 16. Qxb7 1-0

[Event "Early-Titled-Tuesday-Blitz-December-26-2023"]
[Site "Chess.com"]
[Date "2023.12.26"]
[Round "7"]
[White "DucksParadise"]
[Black "NovozhilovSemen"]
[Result "0-1"]
[WhiteElo "2497"]
[BlackElo "2769"]
[TimeControl "180+1"]
[EndTime "9:11:58 PST"]
[Termination "NovozhilovSemen won by checkmate"]

1. e4 c5 2. c3 Nf6 3. e5 Nd5 4. Nf3 Nc6 5. Bc4 Nb6 6. Bb3 d6 7.
exd6 Qxd6 8. O-O Be6 9. Bxe6 Qxe6 10. d4 cxd4 11. Nxd4 Nxd4 12. Qxd4 Rd8 13. Qh4 h5 14. Nd2 Qe2 15. Nf3 Rd1 16. Be3 Qxf1# 0-1

[Event "Early-Titled-Tuesday-Blitz-December-26-2023"]
[Site "Chess.com"]
[Date "2023.12.26"]
[Round "7"]
[White "arturdailima"]
[Black "severomorskij"]
[Result "0-1"]
[WhiteElo "2327"]
[BlackElo "2868"]
[TimeControl "180+1"]
[EndTime "9:12:11 PST"]
[Termination "severomorskij won by resignation"]

1. e4 c5 2. Nf3 Nc6 3. Bb5 e6 4.
Bxc6 bxc6 5. O-O Ne7 6. d3 Ng6 7. Re1 e5 8. Nbd2 Be7 9. b3 O-O 10. Bb2 d6 11. h3 f5 12. Qe2 Nf4 13. Qf1 Be6 14. g3 fxe4 15. gxf4 exf3 16. fxe5 d5 17. Re3 Bg5 0-1

[Event "Early-Titled-Tuesday-Blitz-December-26-2023"]
[Site "Chess.com"]
[Date "2023.12.26"]
[Round "7"]
[White "BeardedNM"]
[Black "NovakRatko"]
[Result "0-1"]
[WhiteElo "2163"]
[BlackElo "2433"]
[TimeControl "180+1"]
[EndTime "9:12:41 PST"]
[Termination "NovakRatko won by resignation"]

1. e4 d5 2. exd5 c6 3. dxc6 Nxc6 4. Nf3 e5 5. d3 Bc5 6. Be2 f5 7. O-O Nf6 8. Nc3 O-O 9. Bg5 Be6 10. Re1 Qb6 11. Bh4 Ng4 12. Na4 Bxf2+ 13. Bxf2 Qxf2+ 14. Kh1 Ne3 0-1

[Event "Early-Titled-Tuesday-Blitz-December-26-2023"]
[Site "Chess.com"]
[Date "2023.12.26"]
[Round "7"]
[White "margarita_2703"]
[Black "Let_it_be_1"]
[Result "1-0"]
[WhiteElo "2348"]
[BlackElo "2555"]
[TimeControl "180+1"]
[EndTime "9:12:44 PST"]
[Termination "margarita_2703 won by resignation"]

1. e4 e6 2. d4 d5 3. e5 c5 4. c3 Qb6 5. Nf3 Nc6 6. Na3 cxd4 7. cxd4 Bb4+ 8. Bd2 Nxd4 9. Nxd4 Qxd4 10. Qa4+ Bd7 11.
Qxb4 Qxe5+ 12. Be2 Nf6 13. Nb5 Bxb5 14. Qxb5+ Nd7 15. Bc3 Qe4 16. O-O O-O 17. Bf3 1-0

[Event "Early-Titled-Tuesday-Blitz-December-26-2023"]
[Site "Chess.com"]
[Date "2023.12.26"]
[Round "7"]
[White "Lady_Nika"]
[Black "Matic_Nareks"]
[Result "1-0"]
[WhiteElo "2611"]
[BlackElo "2484"]
[TimeControl "180+1"]
[EndTime "9:12:46 PST"]
[Termination "Lady_Nika won by checkmate"]

1. d4 d6 2. c4 e5 3. d5 g6 4. Nc3 Bg7 5. e4 Nh6 6. f3 O-O 7. h4 f5 8. Bg5 Qd7 9. Qd2 f4 10.
Bxh6 Bxh6 11. O-O-O Kg7 12. Qf2 Qe7 13. Kb1 c5 14. Nh3 a6 15. g4 fxg3 16. Qxg3 Bxh3 17. Bxh3 Nd7 18. h5 Bf4 19. Qg2 Nf6 20. hxg6 hxg6 21. Bf5 g5 22. Ne2 Be3 23. Rd3 Bf4 24. Nxf4 exf4 25.
Qxg5+ Kf7 26. Qg6# 1-0

[Event "Early-Titled-Tuesday-Blitz-December-26-2023"]
[Site "Chess.com"]
[Date "2023.12.26"]
[Round "7"]
[White "Ducke13"]
[Black "ChessArchitect64"]
[Result "1-0"]
[WhiteElo "2402"]
[BlackElo "2276"]
[TimeControl "180+1"]
[EndTime "9:13:17 PST"]
[Termination "Ducke13 won by resignation"]

1. d4 Nf6 2. g3 g6 3. Bg2 Bg7 4. e4 O-O 5. Ne2 d6 6. O-O c6 7. a4 Qc7 8. Nbc3 a5 9. h3 Na6 10.
f4 Nd7 11. Be3 e5 12. Qd2 Nb4 13. Rad1 Re8 14. fxe5 dxe5 15. d5 cxd5 16. exd5 Nb6 17. d6 Qd8 18. Nb5 Bd7 19. Nc7 Rc8 20. Bxb6 Re6 1-0

[Event "Early-Titled-Tuesday-Blitz-December-26-2023"]
[Site "Chess.com"]
[Date "2023.12.26"]
[Round "7"]
[White "seopie"]
[Black "Magila31"]
[Result "0-1"]
[WhiteElo "2783"]
[BlackElo "2387"]
[TimeControl "180+1"]
[EndTime "9:13:24 PST"]
[Termination "Magila31 won by resignation"]

1. h3 a6 2. a3 b5 3. b3 Bb7 4. Nf3 f6 5. c3 e5 6. a4 d5 7. e3 c6 8. Bb2 Nd7 9. Na3 Bd6 10. Nc2 Ne7 11. d4 e4 12. Nd2 f5 13. c4 bxc4 14. bxc4 O-O 15. Ba3 Bxa3 16. Rxa3 f4 17. Nb3 Nf5 18. exf4 Qh4 19. Na5 e3 20. Nxe3 Nxe3 21. Rxe3 Qxf4 22. Qd2 Rab8 23. Bd3 c5 24. O-O cxd4 25. Re7 Qxd2 0-1

[Event "Early-Titled-Tuesday-Blitz-December-26-2023"]
[Site "Chess.com"]
[Date "2023.12.26"]
[Round "7"]
[White "szefru"]
[Black "Fischerev7"]
[Result "0-1"]
[WhiteElo "2266"]
[BlackElo "2395"]
[TimeControl "180+1"]
[EndTime "9:13:37 PST"]
[Termination "Fischerev7 won by checkmate"]

1. e4 c5 2. b3 Nf6 3. e5 Nd5 4. Bb2 Nc6 5. Bb5 Nd4 6. Bxd4 cxd4 7. Ne2 Qc7 8. O-O Qxe5 9. f4 Nxf4 10. Bxd7+ Bxd7 11. Nxf4 e6 12. Nd3 Qg5 13. Qf3 f6 14. Qxb7 Rd8 15. a4 Bd6 16. Qe4 O-O 17. Qxd4 Bc6 18.
Qf2 e5 19. Qe3 Qxg2# 0-1

[Event "Early-Titled-Tuesday-Blitz-December-26-2023"]
[Site "Chess.com"]
[Date "2023.12.26"]
[Round "7"]
[White "DrCeltic"]
[Black "Alexei_Gubajdullin"]
[Result "0-1"]
[WhiteElo "2513"]
[BlackElo "2658"]
[TimeControl "180+1"]
[EndTime "9:13:45 PST"]
[Termination "Alexei_Gubajdullin won by resignation"]

1. e4 g6 2. d4 Bg7 3. Nc3 d6 4.
Nf3 a6 5. Be3 Nd7 6. Bd3 b5 7.
Ne2 c5 8. c3 Ngf6 9. h3 O-O 10.
Qd2 Bb7 11. Ng3 cxd4 12. cxd4 e5 13. O-O exd4 14. Nxd4 Re8 15. f3 d5 16. exd5 Nxd5 17. Bf2 Qh4 18. Ne4 Qf4 19. Qd1 Ne3 20. Ne2 Nxd1 21. Nxf4 Nxf2 22. Nxf2 Bxb2 23. Rad1 Ne5 24. Be4 Bxe4 25. Nxe4 Nc4 26. Rd7 Rad8 27. Ra7 Bd4+ 0-1

[Event "Early-Titled-Tuesday-Blitz-December-26-2023"]
[Site "Chess.com"]
[Date "2023.12.26"]
[Round "7"]
[White "ukchessbomber"]
[Black "Angry_Twin"]
[Result "0-1"]
[WhiteElo "2703"]
[BlackElo "2947"]
[TimeControl "180+1"]
[EndTime "9:13:48 PST"]
[Termination "Angry_Twin won by resignation"]

1. a3 Nf6 2. b4 d5 3. Bb2 Bf5 4.
Nf3 e6 5. g3 Be7 6. Bg2 O-O 7.
O-O c5 8. bxc5 Bxc5 9. c4 Nc6 10.
Qa4 d4 11. Qb5 Qb6 12. d3 Nd7 13. Nbd2 Qc7 14. Qa4 e5 15. Ng5 Be7 16. Nge4 Be6 17. c5 f5 18. Nd6 Nxc5 19. Nb5 Qb6 0-1

[Event "Early-Titled-Tuesday-Blitz-December-26-2023"]
[Site "Chess.com"]
[Date "2023.12.26"]
[Round "7"]
[White "Ajedrez_con_German"]
[Black "Cheer_Down"]
[Result "1-0"]
[WhiteElo "2601"]
[BlackElo "2492"]
[TimeControl "180+1"]
[EndTime "9:14:04 PST"]
[Termination "Ajedrez_con_German won by resignation"]

1. Nf3 d5 2. g3 Nf6 3. Bg2 e6 4.
O-O Be7 5. c4 O-O 6. b3 b6 7.
Bb2 Bb7 8. cxd5 Bxd5 9. Nc3 Bb7 10. d4 Nbd7 11. Rc1 c5 12. Qd2 cxd4 13. Qxd4 Nc5 14.
Rfd1 Qxd4 15. Nxd4 Bxg2 16. Kxg2 Rac8 17. b4 Ncd7 18. a3 Ne5 19. Ncb5 a5 20. bxa5 bxa5 21. Nxe6 fxe6 22. Bxe5 Rxc1 23. Rxc1 Ng4 24. Bd4 e5 25.
Ba7 e4 26. h3 Ne5 27. Bd4 Rb8 28. a4 Nf7 29. Rc7 Bb4 30. e3 Ng5 31. Rxg7+ 1-0

[Event "Early-Titled-Tuesday-Blitz-December-26-2023"]
[Site "Chess.com"]
[Date "2023.12.26"]
[Round "7"]
[White "Agibileg"]
[Black "WeAintSurePal"]
[Result "1-0"]
[WhiteElo "2695"]
[BlackElo "2521"]
[TimeControl "180+1"]
[EndTime "9:14:25 PST"]
[Termination "Agibileg won by resignation"]

1. d4 d5 2. c4 e6 3. Nc3 Nf6 4.
cxd5 exd5 5. Bg5 c6 6. e3 Be6 7. Bd3 Nbd7 8. Nf3 h6 9. Bh4 g5 10. Bg3 Nh5 11. Be5 Nxe5 12. Nxe5 Nf6 13. Qb3 Qb6 14.
Qc2 Bd6 15. O-O Qd8 16. f4 gxf4 17. exf4 Qb6 18. Kh1 Qxd4 19. Rad1 Qb6 20. Bf5 Bxe5 21. fxe5 Ng4 22. Bxe6 fxe6 23. Qg6+ Ke7 24. Qg7+ 1-0

[Event "Early-Titled-Tuesday-Blitz-December-26-2023"]
[Site "Chess.com"]
[Date "2023.12.26"]
[Round "7"]
[White "FunnyDuck66"]
[Black "missponyo10"]
[Result "1-0"]
[WhiteElo "2478"]
[BlackElo "2248"]
[TimeControl "180+1"]
[EndTime "9:14:32 PST"]
[Termination "FunnyDuck66 won by checkmate"]

1. d4 d5 2. c4 c6 3. cxd5 cxd5 4.
Bf4 Nc6 5. e3 Bf5 6. Nc3 Nf6 7.
Qb3 Qc8 8. a3 e6 9. Nb5 Kd7 10.
Nf3 a6 11. Rc1 axb5 12. Ne5+ Nxe5 13. Rxc8 Rxc8 14. Bxe5 Rc1+ 15. Kd2 Rc2+ 16. Kd1 Ne4 17. Qxc2 Bd6 18. Bxb5+ Ke7 19. Bxd6+ Kxd6 20. f3 Ng3 21. Qc5# 1-0

[Event "Early-Titled-Tuesday-Blitz-December-26-2023"]
[Site "Chess.com"]
[Date "2023.12.26"]
[Round "7"]
[White "GM-2023"]
[Black "Dewarfd"]
[Result "0-1"]
[WhiteElo "1917"]
[BlackElo "2090"]
[TimeControl "180+1"]
[EndTime "9:14:38 PST"]
[Termination "Dewarfd won by resignation"]

1. e4 c5 2. Nf3 e6 3. d4 cxd4 4. Nxd4 a6 5. Nc3 Qc7 6. Be3 Nf6 7.
Bd3 b5 8. a3 Bb7 9. O-O Bc5 10.
b4 Bd6 11. Qd2 Bxh2+ 12. Kh1 Be5 13. f4 Bxd4 14. Bxd4 Nc6 15. Bxf6 gxf6 16. f5 Qg3 17. fxe6 dxe6 18. Qf4 Qxf4 19. Rxf4 Ne5 20. Rxf6 Rc8 21. Nd1 Rg8 22. Rc1 Rg6 23. Rxg6 hxg6 24. Ne3 Ke7 25. c4 bxc4 26. Nxc4 Nxd3 27. Rd1 Nf2+ 0-1

[Event "Early-Titled-Tuesday-Blitz-December-26-2023"]
[Site "Chess.com"]
[Date "2023.12.26"]
[Round "7"]
[White "DuleMudule"]
[Black "SahibSinghKnight"]
[Result "1-0"]
[WhiteElo "2929"]
[BlackElo "2681"]
[TimeControl "180+1"]
[EndTime "9:14:48 PST"]
[Termination "DuleMudule won by checkmate"]

1. d4 e6 2. e4 d5 3. Nc3 Nf6 4. e5 Nfd7 5. f4 c5 6. Nf3 Nc6 7. Be3 Be7 8. Ne2 cxd4 9. Nexd4 O-O 10. c3 Nc5 11. Bd3 Nxd4 12. Bxd4 Nxd3+ 13. Qxd3 Qc7 14. h4 f5 15. exf6 Bxf6 16. Ng5 g6 17. Bxf6 Rxf6 18. O-O Rxf4 19. Rxf4 Qxf4 20. Rf1 Qd6 21. Nf7 Qc5+ 22.
Kh1 Bd7 23. Nh6+ Kh8 24. Rf7 Be8 25. Qf3 Bxf7 26. Qf6# 1-0

[Event "Early-Titled-Tuesday-Blitz-December-26-2023"]
[Site "Chess.com"]
[Date "2023.12.26"]
[Round "7"]
[White "giomar27"]
[Black "LuisFSiles"]
[Result "1-0"]
[WhiteElo "2397"]
[BlackElo "2271"]
[TimeControl "180+1"]
[EndTime "9:14:50 PST"]
[Termination "giomar27 won by resignation"]

1. e4 c5 2. Nf3 Nc6 3. Bc4 e6 4. O-O a6 5. Re1 Nf6 6. Bf1 d5 7. e5 Nd7 8. c3 g5 9. d4 g4 10. Ng5 h6 11. Nxe6 fxe6 12. Qxg4 Qe7 13. Bd3 cxd4 14. cxd4 Bg7 15. Bg6+ Kd8 16. Nc3 b5 17. Be3 Bb7 18. f4 Kc7 19. f5 Ncxe5 20. dxe5 Nxe5 21. Bf4 exf5 22. Qxf5 Rhf8 23. Bxe5+ Bxe5 24. Qxe5+ Qxe5 25. Rxe5 d4 26. Ne4 Rf6 27. Nxf6 1-0

[Event "Early-Titled-Tuesday-Blitz-December-26-2023"]
[Site "Chess.com"]
[Date "2023.12.26"]
[Round "7"]
[White "Durarbayli"]
[Black "AlexPapasimakopoulos"]
[Result "1-0"]
[WhiteElo "2867"]
[BlackElo "2636"]
[TimeControl "180+1"]
[EndTime "9:14:57 PST"]
[Termination "Durarbayli won by resignation"]

1. c4 e6 2. e4 d5 3. exd5 exd5 4. d4 Nf6 5. Nc3 Bb4 6. Bd3 O-O 7. Ne2 Be6 8. cxd5 Nxd5 9. O-O Nc6 10. Ne4 h6 11. a3 Be7 12. Bc2 Re8 13. N2g3 Nf6 14. Be3 Nxe4 15. Bxe4 Bd5 16. Bc2 Bg5 17. Qd3 g6 18.
Rae1 Qf6 19. f4 Bh4 20. f5 g5 21. Nh5 Qd6 22. g3 Re4 23. Bf2 Rae8 24. Qd1 Kf8 25. Bxe4 Rxe4 26. Rxe4 Bxe4 27. gxh4 gxh4 28. Qg4 Bd5 29. Re1 Ne7 30. Qg7+ Ke8 31. Bxh4 1-0